AoeStats
← ThorhammerCZ

Oasis

509737413Analyzed
3v3 RM · 5d ago on Sep 27, 2026· 46m 43s· 6 players
Game mode
Random Map
Map size
Normal (6 player)
Population
200
Speed
Normal
Resources
Standard
Victory
Conquest
Starting age
Dark Age
Ending age
Imperial Age
RankedLock teamsTeams togetherTeam positionsShared explorationLock speedFull tech treeHidden civsTurbo modeCheats
Victory
Defeat
🇫🇷 Koreans · France
1020
+13
🇫🇷 Mongols · France
1013
+13
🇫🇷 Burgundians · France
947
+15
🇨🇿 Inca · Czechia
968
-26
🇨🇿 Turks · Czechia
933
-13
🇨🇿 Britons · Czechia
925
-13
LejuDuTixFdp
2:10 Loom
3:27 Double-Bit Axe
11:39 Feudal Age
16:32 Castle Age
15:29 Scale Barding Armor
16:14 Forging
15:58 Horse Collar
16:33 Cavalier
23:44 Fletching
24:39 Iron Casting
25:54 Wheelbarrow
30:37 Hand Cart
34:14 Imperial Age
33:54 Burgundian Vineyards
34:36 Chain Barding Armor
34:18 Paladin
36:41 Plate Barding Armor
37:07 Blast Furnace
35:37 Elite Skirmisher
38:48 Conscription
41:18 Chemistry
40:40 Ballistics
41:26 Padded Archer Armor
41:21 Bodkin Arrow
LeAigle
7:33 Loom
10:08 Feudal Age
11:01 Double-Bit Axe
22:27 Castle Age
21:59 Horse Collar
22:12 Gold Mining
22:35 Bloodlines
23:18 Scale Barding Armor
23:16 Husbandry
29:41 Gold Shaft Mining
28:56 Stone Mining
32:01 Elite Skirmisher
36:11 Imperial Age
35:29 Wheelbarrow
35:01 Fletching
35:12 Padded Archer Armor
36:55 Stone Shaft Mining
37:43 Thumb Ring
37:29 Elite Steppe Lancer
39:18 Bodkin Arrow
39:39 Leather Archer Armor
44:04 Hand Cart
45:06 Forging
45:16 Chain Barding Armor
47:29 Ballistics
SafirduTiks
5:05 Loom
11:51 Feudal Age
12:20 Double-Bit Axe
20:46 Castle Age
19:07 Horse Collar
21:19 Fletching
21:47 Bow Saw
21:15 Crossbowman
21:56 Bodkin Arrow
23:32 Elite Skirmisher
26:03 Heavy Plow
30:47 Ballistics
30:23 Murder Holes
31:13 Gold Mining
36:01 Imperial Age
34:08 Wheelbarrow
36:18 Squires
36:16 Heavy Rocket Cart
37:36 Thumb Ring
39:00 Bracer
39:36 Forging
43:13 Hand Cart
42:44 Town Watch
43:34 Conscription
44:46 Siege Engineers
46:29 Eupseong
ThorhammerCZ
9:30 Feudal Age
10:10 Double-Bit Axe
10:08 Horse Collar
11:12 Gold Mining
17:22 Stone Mining
19:51 Castle Age
20:44 Bow Saw
21:14 Gold Shaft Mining
20:54 Heavy Plow
27:31 Pikeman
28:12 Squires
29:25 Padded Archer Armor
29:15 Fletching
31:42 Leather Archer Armor
31:22 Bodkin Arrow
37:13 Scale Mail Armor
Surgen
11:39 Feudal Age
12:09 Double-Bit Axe
12:19 Stone Mining
12:23 Horse Collar
17:59 Castle Age
16:19 Gold Mining
19:20 Wheelbarrow
19:22 Bow Saw
19:26 Heavy Plow
21:01 Padded Archer Armor
20:52 Fletching
27:45 Leather Archer Armor
31:02 Bodkin Arrow
35:16 Hand Cart
36:41 Gold Shaft Mining
41:05 Imperial Age
41:55 Elite Janissary
42:36 Artillery
43:45 Ring Archer Armor
43:16 Bracer
The Offi
10:36 Feudal Age
11:40 Champi Runner
14:42 Loom
22:41 Forging
23:33 Wheelbarrow
27:11 Castle Age
25:56 Horse Collar
26:01 Double-Bit Axe
28:39 Double-Bit Axe
30:09 Bow Saw
32:32 Heavy Plow
38:20 Gold Mining
39:24 Champi Warrior
40:08 Squires
41:10 Hand Cart
44:48 Iron Casting
44:14 Scale Mail Armor
45:12 Stone Mining
45:57 Gold Shaft Mining
Connection lost

Rejoining the realm…

Still unreachable

The connection could not be restored.

Session expired

The server has moved on; the page needs a fresh start.